 Dungeon Crawl Stone Soup version 0.31-a0-963-ga325b2283a (webtiles) character file.

Game seed: 4173218570938506792

60 LadyBoffin the Chiller (level 4, -2/30 HPs)
             Began as a Merfolk Ice Elementalist on Oct 25, 2023.
             Slain by an ice beast (13 damage)
             ... on level 3 of the Dungeon.
             The game lasted 00:07:51 (2269 turns).

LadyBoffin the Chiller (Merfolk Ice Elementalist)   Turns: 2269, Time: 00:07:52

Health: -2/30      AC:  5    Str: 14    XL:     4   Next: 6%
Magic:  8/8        EV: 13    Int: 16    God:
Gold:   140        SH:  0    Dex: 14    Spells: 8/9 levels left

rFire   . . .        n - +1 short sword (flame)
rCold   . . .        (no shield)
rNeg    . . .        a - +0 robe
rPois   .            (no helmet)
rElec   .            g - +0 cloak
rCorr   .            c - +1 pair of gloves
SInv    .            (no boots)
Will    .....        (no amulet)
Stlth   ++           m - +6 ring of strength
HPRegen 0.25/turn    (no ring)
MPRegen 0.11/turn

%: no passive effects
@: no status effects
A: (nimble swimmer 2), mertail
a: no special abilities


You were on level 3 of the Dungeon.
You visited 1 branch of the dungeon, and saw 3 of its levels.

You collected 140 gold pieces.

Inventory:

Hand Weapons
 l - a +0 spear
 n - a +1 short sword of flaming (weapon)
Armour
 a - a +0 robe (worn)
 c - a +1 pair of gloves (worn)
 g - a +0 cloak (worn)
Magical Staves
 f - a staff of earth
Jewellery
 k - an amulet of guardian spirit
 m - a +6 ring of strength (left hand)
Scrolls
 h - a scroll of identify {unknown}
 j - a scroll of vulnerability {unknown}
Potions
 b - a potion of magic
 d - a potion of invisibility {unknown}
 e - a potion of heal wounds {unknown}
 i - 6 potions of curing {unknown}


   Skills:
 + Level 3.0 Dodging
 - Level 2.3 Stealth
 + Level 3.0 Spellcasting
 + Level 5.2 Ice Magic


You had 8 spell levels left.
You knew the following spells:

 Your Spells              Type           Power      Damage    Failure   Level
a - Freeze                Ice            76%        1d8       2%          1

Your spell library contained the following spells:

 Spells                   Type           Power      Damage    Failure   Level
 Frozen Ramparts          Ice            38%        1d6       7%          3
 Ozocubu's Armour         Ice            19%        N/A       7%          3
 Inner Flame              Hex/Fire       2%         N/A       50%         3
 Summon Ice Beast         Ice/Summ       10%        N/A       54%         4
 Metabolic Englaciation   Hex/Ice        5%         N/A       87%         5
 Yara's Violent Unravell  Hex/Tmut       1%         3d3       99%         5
 Simulacrum               Ice/Necr       5%         N/A       100%        6
 Enfeeble                 Hex            1%         N/A       100%        7
 Ozocubu's Refrigeration  Ice            9%         4d9       100%        7
 Polar Vortex             Ice            9%         12d1*     100%        9


Dungeon Overview and Level Annotations

Branches:
Dungeon (3/15)

Altars:


Innate Abilities, Weirdness & Mutations

((You are very nimble when in or above water. (Stealth+, EV+, Speed+++)))
Your lower body shifts to a powerful aquatic tail in water.


Message History

You hit the bat. You burn the bat.
You kill the bat!
You see here a bat corpse.
Done exploring.
Done exploring.
You see here a +0 hand axe.
There is a stone staircase leading down here.
You climb downwards.
There is a stone staircase leading up here.
A goblin comes into view. It is wielding a +0 club.
Aiming: Freeze (safe; 2% risk of failure)
Press: ? - help, Q - select action Shift-Dir - straight line, f - goblin
Aim: a goblin, wielding a +0 club You freeze the goblin!
You kill the goblin!
Found 5 gold pieces.
You see here a +0 club.
Found a white potion.
You now have 140 gold pieces (gained 5).
An ice beast comes into view.
A shadow imp comes into view.
You see here a white potion.
The shadow imp shouts!
The ice beast barely misses you.
You hit the ice beast.
You melt the ice beast.
The ice beast is lightly wounded.
The ice beast hits you but does no damage.
You hit the ice beast but do no damage.
The ice beast is lightly wounded.
The ice beast hits you. The ice beast freezes you!
You closely miss the ice beast.
The ice beast is lightly wounded.
The ice beast barely misses you.
You hit the ice beast but do no damage.
The ice beast is lightly wounded.
The ice beast closely misses you.
You closely miss the ice beast.
The ice beast is lightly wounded.
The ice beast hits you. The ice beast freezes you!
You die...

#.# #.# ##.#
##.5# ##.#.##
#.#..!# #...##
##.###########
#...5Y@.)...#
###########.#
#.# #.# #.#
#.# #.#.
#.#.## #.#..#


You could see an ice beast and a shadow imp.

Vanquished Creatures
  A worm (D:2)
  4 dart slugs
  8 ball pythons
  3 bats
  4 endoplasms (D:1)
  4 giant cockroaches
  2 goblins
  4 hobgoblins
  2 jackals (D:2)
  3 frilled lizards
  10 kobolds
  3 rats (D:2)
48 creatures vanquished.

Notes
Turn   | Place    | Note
-------+----------+-------------------------------------------
     0 | D:1      | LadyBoffin the Merfolk Ice Elementalist began the quest for
                  | the Orb.
     0 | D:1      | Reached XP level 1. HP: 13/13 MP: 3/3
   227 | D:1      | Reached XP level 2. HP: 14/19 MP: 0/5
   848 | D:1      | Reached XP level 3. HP: 24/24 MP: 4/6
  1489 | D:2      | Reached skill level 5 in Ice Magic
  1960 | D:2      | Reached XP level 4. HP: 30/30 MP: 8/8
  2249 | D:3      | Noticed an ice beast
  2269 | D:3      | Slain by an ice beast

Illustrated notes

Levels and vault maps discovered:
D:1:      spicycebolla_green_bress_n_ham, layout_loops_cross, serial_forest,
          infiniplex_forest_straight_2, infiniplex_forest_diagonal,
          infiniplex_forest_clump_tiny, infiniplex_forest_corner_2,
          infiniplex_forest_clump_tiny, infiniplex_forest_end_3,
          infiniplex_forest_end_1
D:2:      layout_loops_ring, dreamdust_mushroom_princess, minmay_small_reverse_x
D:3:      layout_loops_ring, serial_shops, shop, grunt_decor_one_mirror

Skill      XL: |  1  2  3 |
---------------+----------+-----
Ice Magic      | 5 |  5.2
Dodging        | 3 |  3.0
Spellcasting   | 3 |  3.0
Stealth        | |  2.3

Action                     |  1- 3 |  4- 6 || total
---------------------------+-------+-------++-------
  Melee: Unarmed           |     2 |       ||     2
         Staff             |    15 |       ||    15
         Spear             |     1 |       ||     1
         Short sword       |       |     7 ||     7
   Cast: Freeze            |    67 |     3 ||    70
    Use: Scroll            |     5 |       ||     5
         Potion            |     1 |       ||     1
 Armour: Robe              |    31 |     5 ||    36
  Dodge: Dodged            |    51 |     8 ||    59

Table legend: (Time is in decaauts)
 A = Elapsed time spent in this place.
 B = Non-inter-level travel time spent in this place.
 C = Inter-level travel time spent in this place.
 D = Time resting spent in this place.
 E = Time spent auto-exploring this place.
 F = Levels seen in this place.
 G = Mean time per level.
                   A        B        C        D        E       F      G
               +--------+--------+--------+--------+--------+-----+--------+
         Total |   2269 |   2086 |    183 |    432 |   1129 |   3 |  756.3 |
       Dungeon |   2269 |   2086 |    183 |    432 |   1129 |   3 |  756.3 |
               +--------+--------+--------+--------+--------+-----+--------+

Top non-repeatable levels by time:
     D:1: 1110 daAuts
     D:2: 1094 daAuts
     D:3: 64 daAuts
